ORI
COASTAL CAROLINA UNIVERSITY CHANTICLEERS @ FLORIDA STATE UNIVERSITY SEMINOLES
11/17/2048
 
TOP OF THE 1ST
Mississippi State University Bulldogs batting - Pitching for University of Southern California Trojans : RHP Gabe Hires
Pitching: RHP Gabe Hires
Batting: RHB Alvin Abarca 0-0: Ball
1-0: Ball
2-0: Ground out 4-3 (Groundball, 34, EV 89.4 MPH)
Batting: RHB Josh Stene 0-0: Swinging Strike
0-1: Swinging Strike
0-2: Ball
1-2: Foul Ball, location: 2F
1-2: Strikes out swinging
Batting: LHB Danny Shanahan 0-0: Ball
1-0: Ball
2-0: Reached on error, E4 (Groundball, 4, EV 88.8 MPH)
Batting: LHB Vinnie Kalman 0-0: Swinging Strike
0-1: Foul Ball, location: 2F
0-2: SINGLE (Groundball, 34D, EV 102.5 MPH)
Danny Shanahan to third
Runner from 3rd tries for Home, SAFE, throw by RF to home
Batting: RHB Benjamin Alderdice 0-0: SINGLE (Groundball, 56D, EV 108.8 MPH)
Vinnie Kalman to second
Batting: LHB Ricardo Ramos 0-0: Called Strike
0-1: Swinging Strike
0-2: Fielders Choice at 2nd, U6 (Groundball, 6M, EV 102.5 MPH)
Top of the 1st over - 1 run, 2 hits, 1 error, 2 left on base; Mississippi State University 1 - University of Southern California 0
BOTTOM OF THE 1ST
University of Southern California Trojans batting - Pitching for Mississippi State University Bulldogs : RHP Tony Renteria
Pitching: RHP Tony Renteria
Batting: LHB Alonzo Catalan 0-0: Ball
1-0: Swinging Strike
1-1: Ball
2-1: Ball
3-1: Base on Balls
Batting: RHB Jochen Schanz 0-0: Ball
Alonzo Catalan steals 2nd base
1-0: Ball
2-0: Foul Ball, location: 2F
2-1: Ball
3-1: Ground out 4-3 (Groundball, 4S, EV 86.2 MPH)
Alonzo Catalan to third
Batting: RHB Eric Baker 0-0: Called Strike
0-1: Swinging Strike
0-2: Ball
1-2: 2-RUN HOME RUN (Flyball, 7LD, EV 98.1 MPH), Distance : 383 ft
Batting: LHB Eli Evenson 0-0: Ground out 6-3 (Groundball, 6MD, EV 99.4 MPH)
Batting: SHB Jason Keys 0-0: Ball
1-0: Swinging Strike
1-1: Called Strike
1-2: Ball
2-2: Ball
3-2: Base on Balls
Batting: RHB Jim Baltazar 0-0: Ball
1-0: Foul Ball, location: 2F
Balk!
Jason Keys to second
1-1: Called Strike
1-2: Strikes out looking
Bottom of the 1st over - 2 runs, 1 hit, 0 errors, 1 left on base; Mississippi State University 1 - University of Southern California 2
TOP OF THE 2ND
Mississippi State University Bulldogs batting - Pitching for University of Southern California Trojans : RHP Gabe Hires
Batting: RHB Oscar Vargas 0-0: Ball
1-0: Fly out, F4 (Popup, 23, EV 86.2 MPH)
Batting: RHB Bill Petipas 0-0: Ball
1-0: Ball
2-0: Foul Ball, location: 2F
2-1: Ball
3-1: Base on Balls
Batting: RHB Josh Simmons 0-0: Foul Ball, location: 2F
0-1: Called Strike
0-2: Foul Ball, location: 2F
0-2: Foul Ball, location: 2F
0-2: Foul Ball, location: 2F
0-2: Ball
1-2: Fly out, F9 (Flyball, 9, EV 76.9 MPH)
Batting: RHB Alvin Abarca 0-0: Ball
1-0: Ball
2-0: Ground out 4-3 (Groundball, 4, EV 83.8 MPH)
Top of the 2nd over - 0 runs, 0 hits, 0 errors, 1 left on base; Mississippi State University 1 - University of Southern California 2
BOTTOM OF THE 2ND
University of Southern California Trojans batting - Pitching for Mississippi State University Bulldogs : RHP Tony Renteria
Batting: RHB Tri Kartini 0-0: Ball
1-0: Foul Ball, location: 2F
1-1: Called Strike
1-2: DOUBLE (Line Drive, 78XD, EV 103.1 MPH)
Batting: RHB John Sandberg 0-0: Foul Ball, location: 2F
0-1: Ground out 3-1 (Groundball, 34, EV 84.4 MPH)
Tri Kartini to third
Batting: LHB Roger Kean 0-0: Called Strike
0-1: Ball
1-1: Foul Ball, location: 2F
1-2: Ball
2-2: Reached on error, E6 (Groundball, 6M, EV 87.5 MPH)
Tri Kartini scores
Batting: LHB Alonzo Catalan 0-0: Ball
1-0: Called Strike
1-1: Called Strike
1-2: Ball
2-2: Ball
3-2: Fly out, F3 (Popup, 23F, EV 88.8 MPH)
Batting: RHB Jochen Schanz 0-0: Called Strike
0-1: Foul Ball, location: 2F
0-2: Foul Ball, location: 2F
0-2: Ball
1-2: Foul Ball, location: 2F
1-2: Strikes out swinging, 2-3 out at first.
Bottom of the 2nd over - 1 run, 1 hit, 1 error, 1 left on base; Mississippi State University 1 - University of Southern California 3
TOP OF THE 3RD
Mississippi State University Bulldogs batting - Pitching for University of Southern California Trojans : RHP Gabe Hires
Batting: RHB Josh Stene 0-0: Ball
1-0: Ball
2-0: Swinging Strike
2-1: Foul Ball, location: 2F
2-2: Foul Ball, location: 2F
2-2: Ball
3-2: Strikes out swinging
Batting: LHB Danny Shanahan 0-0: Swinging Strike
0-1: Called Strike
0-2: Foul Ball, location: 2F
0-2: Strikes out swinging
Batting: LHB Vinnie Kalman 0-0: Swinging Strike
0-1: Ground out 4-3 (Groundball, 4, EV 91.2 MPH)
Top of the 3rd over - 0 runs, 0 hits, 0 errors, 0 left on base; Mississippi State University 1 - University of Southern California 3
BOTTOM OF THE 3RD
University of Southern California Trojans batting - Pitching for Mississippi State University Bulldogs : RHP Tony Renteria
Batting: RHB Eric Baker 0-0: Ball
1-0: Ball
2-0: Ball
3-0: Base on Balls
Batting: LHB Eli Evenson 0-0: Ball
Wild Pitch!
Eric Baker to second
1-0: Reached on error, E2 (Groundball, 2L, EV 70.6 MPH)
Eric Baker to third
Batting: SHB Jason Keys 0-0: Swinging Strike
0-1: Ball
1-1: Called Strike
1-2: Ball
Wild Pitch!
Eric Baker scores
Eli Evenson to second
2-2: Ball
3-2: SINGLE (Line Drive, 56D, EV 93.8 MPH)
Eli Evenson to third
Batting: RHB Jim Baltazar 0-0: Foul Ball, location: 2F
0-1: Foul Ball, location: 2F
0-2: Ball
1-2: Ball
2-2: Foul Ball, location: 2F
2-2: Foul Ball, location: 2F
2-2: Fly out, F4 (Popup, 4D, EV 74.4 MPH)
Pitching: RHP Alexis Gallegos
Batting: RHB Tri Kartini 0-0: Foul Ball, location: 2F
0-1: Ball
1-1: Ball
2-1: Ball
Balk!
Eli Evenson scores
Jason Keys to second
3-1: Ground out 4-3 (Groundball, 4, EV 90.6 MPH)
Jason Keys to third
Batting: RHB John Sandberg 0-0: Ball
1-0: Ball
2-0: Foul Ball, location: 2F
2-1: Ground out 5-3 (Groundball, 56, EV 78.1 MPH)
Bottom of the 3rd over - 2 runs, 1 hit, 1 error, 1 left on base; Mississippi State University 1 - University of Southern California 5
TOP OF THE 4TH
Mississippi State University Bulldogs batting - Pitching for University of Southern California Trojans : RHP Gabe Hires
Batting: RHB Benjamin Alderdice 0-0: Ball
1-0: Called Strike
1-1: Ball
2-1: Ball
3-1: Called Strike
3-2: SINGLE (Groundball, 4M, EV 110.0 MPH)
Batting: LHB Ricardo Ramos 0-0: Ball
1-0: Fielders Choice at 2nd, 6-4 (Groundball, 6, EV 77.5 MPH)
Batting: RHB Oscar Vargas 0-0: Swinging Strike
0-1: Fly out, F8 (Flyball, 8RD, EV 96.2 MPH)
Batting: RHB Bill Petipas 0-0: Ball
Ricardo Ramos steals 2nd base
1-0: Ground out 5-3 (Groundball, 56, EV 89.4 MPH)
Top of the 4th over - 0 runs, 1 hit, 0 errors, 1 left on base; Mississippi State University 1 - University of Southern California 5
BOTTOM OF THE 4TH
University of Southern California Trojans batting - Pitching for Mississippi State University Bulldogs : RHP Alexis Gallegos
Batting: LHB Roger Kean 0-0: Foul Ball, location: 2F
0-1: Ball
1-1: Ball
2-1: Ball
3-1: Base on Balls
Batting: LHB Alonzo Catalan 0-0: Foul Ball, location: 2F
0-1: Called Strike
0-2: Ball
1-2: SINGLE (Groundball, 5L, EV 83.8 MPH) (infield hit)
Roger Kean to second
Batting: RHB Jochen Schanz 0-0: Called Strike
0-1: Called Strike
0-2: Foul Ball, location: 2F
0-2: Fielders Choice at 2nd, 6-4 (Groundball, 6, EV 90.0 MPH)
Roger Kean to third
Batting: RHB Eric Baker 0-0: Called Strike
Jochen Schanz steals 2nd, throwing error, E2
Roger Kean scores
Jochen Schanz to third
0-1: Called Strike
0-2: Ball
1-2: SINGLE (Line Drive, 8LS, EV 106.9 MPH)
Jochen Schanz scores
Batting: LHB Eli Evenson 0-0: Called Strike
0-1: Ball
1-1: Ball
2-1: Ball
3-1: Foul Ball, location: 2F
3-2: Base on Balls
Eric Baker to second
Batting: SHB Jason Keys 0-0: SINGLE (Line Drive, 78S, EV 86.9 MPH)
Eric Baker to third
Eli Evenson to second
Runner from 3rd tries for Home, throw by LF and OUT! 7-2
Batting: RHB Jim Baltazar 0-0: Ball
1-0: Foul Ball, location: 2F
1-1: Called Strike
1-2: Ball
2-2: Ball
Wild Pitch!
Eli Evenson to third
Jason Keys to second
3-2: Foul Ball, location: 2F
3-2: Ground out 6-3 (Groundball, P, EV 86.9 MPH)
Bottom of the 4th over - 2 runs, 3 hits, 1 error, 2 left on base; Mississippi State University 1 - University of Southern California 7
TOP OF THE 5TH
Mississippi State University Bulldogs batting - Pitching for University of Southern California Trojans : RHP Gabe Hires
Batting: RHB Josh Simmons 0-0: Ball
1-0: Foul Ball, location: 2F
1-1: Called Strike
1-2: Ground out 3-1 (Groundball, 34S, EV 87.5 MPH)
Batting: RHB Alvin Abarca 0-0: Ball
1-0: Called Strike
1-1: Ball
2-1: Ball
3-1: Base on Balls
Batting: RHB Josh Stene 0-0: Called Strike
0-1: Called Strike
0-2: Ball
1-2: Ball
2-2: Strikes out swinging
Pitching: RHP Reed Bauer
Batting: LHB Danny Shanahan 0-0: Swinging Strike
0-1: Foul Ball, location: 2F
0-2: Foul Ball, location: 2F
0-2: Ball
1-2: Foul Ball, location: 2F
1-2: Foul Ball, location: 2F
1-2: SINGLE (Groundball, 4D, EV 96.9 MPH)
Alvin Abarca to second
Runner from 2nd tries for 3rd, SAFE, throw by RF made to third
Danny Shanahan to second
Batting: LHB Vinnie Kalman 0-0: Foul Ball, location: 2F
0-1: Called Strike
0-2: Strikes out swinging
Top of the 5th over - 0 runs, 1 hit, 0 errors, 2 left on base; Mississippi State University 1 - University of Southern California 7
BOTTOM OF THE 5TH
University of Southern California Trojans batting - Pitching for Mississippi State University Bulldogs : RHP Alexis Gallegos
Batting: RHB Tri Kartini 0-0: Called Strike
0-1: SINGLE (Line Drive, 89S, EV 101.2 MPH)
Batting: RHB John Sandberg 0-0: Called Strike
0-1: Ball
1-1: Swinging Strike
1-2: Foul Ball, location: 2F
1-2: Ball
2-2: Foul Ball, location: 2F
2-2: Foul Ball, location: 2F
2-2: Ball
3-2: SINGLE (Groundball, 6M, EV 104.4 MPH) (infield hit)
Tri Kartini to second
Pinch Runner at 1st Liangde Zhou:
Batting: LHB Roger Kean 0-0: Ball
1-0: DOUBLE (Flyball, 8RXD, EV 105.6 MPH)
Tri Kartini scores
Liangde Zhou to third
Batting: LHB Alonzo Catalan 0-0: Fly out, F9 (Line Drive, 9, EV 110.6 MPH)
Runner from 3rd tags up, SCORES, throw by RF
Roger Kean to third
Batting: RHB Jochen Schanz 0-0: Ball
1-0: Ball
2-0: Ground out 5-3 (Groundball, 5, EV 97.5 MPH)
Batting: RHB Eric Baker 0-0: Fly out, F5 (Popup, 5SF, EV 81.9 MPH)
Bottom of the 5th over - 2 runs, 3 hits, 0 errors, 1 left on base; Mississippi State University 1 - University of Southern California 9
TOP OF THE 6TH
Mississippi State University Bulldogs batting - Pitching for University of Southern California Trojans : RHP Reed Bauer
Now at 2B: Jochen Schanz
Now at SS: Liangde Zhou
Batting: RHB Benjamin Alderdice 0-0: Called Strike
0-1: Ball
1-1: Swinging Strike
1-2: Ball
2-2: Strikes out swinging
Batting: LHB Ricardo Ramos 0-0: Called Strike
0-1: Ball
1-1: Ball
2-1: Ball
3-1: Foul Ball, location: 2F
3-2: Fly out, F9 (Flyball, 89D, EV 95.0 MPH)
Batting: RHB Oscar Vargas 0-0: Ground out 6-3 (Groundball, 56, EV 102.5 MPH)
Top of the 6th over - 0 runs, 0 hits, 0 errors, 0 left on base; Mississippi State University 1 - University of Southern California 9
BOTTOM OF THE 6TH
University of Southern California Trojans batting - Pitching for Mississippi State University Bulldogs : RHP Alexis Gallegos
Batting: LHB Eli Evenson 0-0: Foul Ball, location: 2F
0-1: Ball
1-1: Called Strike
1-2: Ball
2-2: Ball
3-2: Foul Ball, location: 2F
3-2: Base on Balls
Pitching: RHP Chris Everett
Batting: SHB Jason Keys 0-0: Ball
1-0: Called Strike
1-1: Swinging Strike
1-2: Strikes out swinging
Batting: RHB Jim Baltazar 0-0: Ball
1-0: Foul Ball, location: 2F
1-1: Swinging Strike
1-2: Foul Ball, location: 2F
1-2: Ball
2-2: Reached on error, E5 (Groundball, 56, EV 85.0 MPH)
Eli Evenson to second
Batting: RHB Tri Kartini 0-0: Called Strike
0-1: Called Strike
0-2: Ball
1-2: Fielders Choice at 2nd, 6-4 (Groundball, 6M, EV 106.9 MPH)
Eli Evenson to third
Batting: RHB Liangde Zhou Balk!
Eli Evenson scores
Tri Kartini to second
0-0: Swinging Strike
0-1: SINGLE (Line Drive, 78S, EV 111.9 MPH)
Tri Kartini to third
Batting: LHB Roger Kean 0-0: Called Strike
0-1: Swinging Strike
0-2: Strikes out looking
Bottom of the 6th over - 1 run, 1 hit, 1 error, 2 left on base; Mississippi State University 1 - University of Southern California 10
TOP OF THE 7TH
Mississippi State University Bulldogs batting - Pitching for University of Southern California Trojans : RHP Reed Bauer
Batting: RHB Bill Petipas 0-0: Ball
1-0: Ball
2-0: Ball
3-0: Swinging Strike
3-1: Base on Balls
Batting: RHB Josh Simmons 0-0: Ball
1-0: Swinging Strike
1-1: Foul Ball, location: 2F
1-2: Strikes out swinging
Batting: RHB Alvin Abarca 0-0: Ball
1-0: Fielders Choice at 2nd, 4-6 (Groundball, 4, EV 88.8 MPH)
Batting: RHB Josh Stene 0-0: Ball
1-0: Ball
2-0: Called Strike
2-1: Ball
3-1: Foul Ball, location: 2F
3-2: Strikes out looking
Top of the 7th over - 0 runs, 0 hits, 0 errors, 1 left on base; Mississippi State University 1 - University of Southern California 10
BOTTOM OF THE 7TH
University of Southern California Trojans batting - Pitching for Mississippi State University Bulldogs : RHP Chris Everett
Batting: LHB Alonzo Catalan 0-0: Ball
1-0: Ball
2-0: Ball
3-0: Foul Ball, location: 2F
3-1: Base on Balls
Batting: RHB Jochen Schanz 0-0: Foul Ball, location: 2F
0-1: SINGLE (Groundball, 56D, EV 99.4 MPH)
Alonzo Catalan to second
Batting: RHB Eric Baker 0-0: Ball
1-0: Foul Ball, location: 2F
1-1: DOUBLE (Line Drive, 78D, EV 99.4 MPH)
Alonzo Catalan scores
Jochen Schanz to third
Pitching: RHP Sa'ng Dai
Batting: LHB Eli Evenson 0-0: Fly out, F8 (Flyball, 8LD, EV 91.9 MPH)
Runner from 3rd tags up, SCORES, no throw by CF
Batting: SHB Jason Keys 0-0: Ground out 4-3 (Groundball, 4, EV 86.2 MPH)
Eric Baker to third
Batting: RHB Jim Baltazar 0-0: Called Strike
0-1: Ball
1-1: Called Strike
1-2: Strikes out swinging
Bottom of the 7th over - 2 runs, 2 hits, 0 errors, 1 left on base; Mississippi State University 1 - University of Southern California 12
TOP OF THE 8TH
Mississippi State University Bulldogs batting - Pitching for University of Southern California Trojans : RHP Reed Bauer
Batting: LHB Danny Shanahan 0-0: Foul Ball, location: 2F
0-1: Ball
1-1: Called Strike
1-2: Strikes out swinging
Batting: LHB Vinnie Kalman 0-0: Ball
1-0: Swinging Strike
1-1: Foul Ball, location: 2F
1-2: Ball
2-2: Foul Ball, location: 2F
2-2: Strikes out swinging
Batting: RHB Benjamin Alderdice 0-0: Swinging Strike
0-1: Swinging Strike
0-2: Foul Ball, location: 2F
0-2: Strikes out swinging
Top of the 8th over - 0 runs, 0 hits, 0 errors, 0 left on base; Mississippi State University 1 - University of Southern California 12
BOTTOM OF THE 8TH
University of Southern California Trojans batting - Pitching for Mississippi State University Bulldogs : RHP Sa'ng Dai
Batting: RHB Tri Kartini 0-0: Ball
1-0: Called Strike
1-1: Foul Ball, location: 2F
1-2: Foul Ball, location: 2F
1-2: Ball
2-2: Ground out U3 (Groundball, 34, EV 93.8 MPH)
Batting: RHB Liangde Zhou 0-0: Swinging Strike
0-1: Called Strike
0-2: Strikes out swinging
Batting: LHB Roger Kean 0-0: Ball
1-0: Called Strike
1-1: Foul Ball, location: 2F
1-2: Ball
2-2: Strikes out swinging
Bottom of the 8th over - 0 runs, 0 hits, 0 errors, 0 left on base; Mississippi State University 1 - University of Southern California 12
TOP OF THE 9TH
Mississippi State University Bulldogs batting - Pitching for University of Southern California Trojans : RHP Reed Bauer
Batting: LHB Ricardo Ramos 0-0: Ball
1-0: Ground out 4-3 (Groundball, 4, EV 80.6 MPH)
Batting: RHB Oscar Vargas 0-0: Swinging Strike
0-1: Ball
1-1: Ball
2-1: Ball
3-1: Base on Balls
Pitching: RHP Kyle Barraza
Batting: RHB Bill Petipas 0-0: Called Strike
0-1: Swinging Strike
0-2: Ball
1-2: SINGLE (Groundball, 6MD, EV 105.6 MPH)
Oscar Vargas to second
Batting: RHB Josh Simmons 0-0: Foul Ball, location: 2F
0-1: Foul Ball, location: 2F
0-2: Ball
1-2: Ball
2-2: Foul Ball, location: 2F
2-2: Ball
3-2: Base on Balls
Oscar Vargas to third
Bill Petipas to second
Batting: RHB Alvin Abarca 0-0: Called Strike
0-1: SINGLE (Groundball, P, EV 90.6 MPH) (infield hit)
Oscar Vargas scores
Bill Petipas to third
Josh Simmons to second
Batting: RHB Josh Stene 0-0: Called Strike
0-1: Ball
1-1: DOUBLE (Line Drive, 9LM, EV 113.8 MPH)
Bill Petipas scores
Josh Simmons scores
Alvin Abarca to third
Batting: LHB Danny Shanahan 0-0: Ball
1-0: Called Strike
1-1: Foul Ball, location: 2F
1-2: Ball
Wild Pitch!
Alvin Abarca scores
Josh Stene to third
2-2: Strikes out swinging
Batting: LHB Vinnie Kalman 0-0: Called Strike
0-1: Ball
1-1: Swinging Strike
1-2: Ball
2-2: Foul Ball, location: 2F
2-2: Strikes out looking
Top of the 9th over - 4 runs, 3 hits, 0 errors, 1 left on base; Mississippi State University 5 - University of Southern California 12
Tuesday, March 28th , 2023 - OOTP Baseball 23.10 Build 110